AoeStats
← ScreenDreamz

Fortress

509686327Analyzed
3v3 RM · 5d ago on Sep 27, 2026· 56m 24s· 6 players
Game mode
Random Map
Map size
Large (8 player)
Population
200
Speed
Normal
Resources
Standard
Victory
Conquest
Starting age
Dark Age
Ending age
Imperial Age
RankedLock teamsTeams togetherTeam positionsShared explorationLock speedFull tech treeHidden civsTurbo modeCheats
Victory
Defeat
🇦🇷 Lithuanians · Argentina
967
+15
🇦🇷 Mongols · Argentina
908
+17
🇲🇽 Slavs · Mexico
906
+17
🇺🇸 Khmer · United States
955
-17
🇺🇸 Persians · United States
949
-49
🇺🇸 Wei · United States
909
-42
Kryztox9122
5:13 Loom
7:14 Feudal Age
11:17 Double-Bit Axe
13:55 Castle Age
11:59 Horse Collar
12:37 Fletching
12:48 Gold Mining
14:39 Bloodlines
16:06 Husbandry
31:11 Imperial Age
29:20 Wheelbarrow
28:30 Town Watch
28:58 Bow Saw
29:42 Stone Mining
30:12 Forging
30:07 Scale Barding Armor
30:03 Bodkin Arrow
29:56 Arson
30:11 Squires
30:40 Murder Holes
30:57 Fortified Wall
30:37 Treadmill Crane
32:34 Hand Cart
32:51 Conscription
34:11 Chemistry
33:24 Caravan
35:41 Bracer
36:05 Bombard Tower
36:05 Ballistics
36:39 Hoardings
38:48 Iron Casting
38:33 Chain Barding Armor
39:20 Two-Man Saw
39:09 Stone Shaft Mining
39:41 Light Cavalry
41:26 Winged Hussar
48:49 Plate Barding Armor
48:41 Heavy Plow
51:20 Masonry
53:14 Crop Rotation
53:19 Architecture
54:27 Guard Tower
Jom
1:02 Loom
7:52 Feudal Age
8:59 Feudal Age
12:59 Castle Age
12:03 Double-Bit Axe
12:02 Horse Collar
12:44 Gold Mining
13:55 Bow Saw
16:09 Fletching
17:52 Bodkin Arrow
18:45 Heavy Plow
19:30 Padded Archer Armor
20:04 Stone Mining
20:54 Leather Archer Armor
21:48 Thumb Ring
23:23 Husbandry
23:34 Bloodlines
25:09 Wheelbarrow
28:43 Imperial Age
27:21 Hand Cart
26:56 Town Watch
28:45 Gold Shaft Mining
29:44 Drill
29:49 Conscription
29:03 Capped Ram
30:09 Siege Ram
33:13 Parthian Tactics
35:52 Pikeman
36:33 Squires
36:38 Scale Mail Armor
38:35 Chain Mail Armor
38:32 Forging
39:48 Plate Mail Armor
41:19 Iron Casting
44:09 Onager
45:40 Conscription
46:24 Blast Furnace
45:25 Bracer
48:53 Caravan
50:21 Arson
50:43 Town Patrol
Eli Correa 3950
4:01 Loom
6:15 Feudal Age
7:37 Wheelbarrow
9:08 Double-Bit Axe
14:39 Castle Age
12:35 Horse Collar
15:36 Hand Cart
19:18 Bow Saw
23:33 Forging
26:29 Scale Barding Armor
27:00 Iron Casting
31:17 Imperial Age
28:40 Gold Mining
28:41 Stone Mining
30:51 Chain Barding Armor
31:20 Gold Shaft Mining
31:49 Heavy Scorpion
33:07 Capped Ram
34:19 Siege Ram
36:23 Husbandry
37:49 Heavy Plow
38:53 Two-Man Saw
38:19 Elite Boyar
41:10 Blast Furnace
40:45 Plate Barding Armor
40:23 Bloodlines
iamhuntingdeer9393
7:51 Feudal Age
18:12 Double-Bit Axe
18:11 Horse Collar
18:26 Stone Mining
18:27 Gold Mining
22:16 Castle Age
22:25 Scale Barding Armor
22:21 Scale Mail Armor
22:21 Padded Archer Armor
22:12 Fletching
22:37 Crossbowman
23:45 Heavy Plow
27:37 Fervor
27:35 Heated Shot
28:06 Ballistics
27:37 Guard Tower
30:30 Siphons
31:07 Chain Barding Armor
31:03 Chain Mail Armor
30:59 Forging
31:00 Thumb Ring
32:01 Wheelbarrow
33:26 Bow Saw
34:01 Stone Shaft Mining
34:02 Gold Shaft Mining
34:41 Hand Cart
34:12 Town Watch
36:54 Kamandaran
47:12 Imperial Age
44:43 Town Patrol
44:28 Loom
48:46 Citadels
49:02 Conscription
49:37 Plate Barding Armor
49:33 Plate Mail Armor
49:18 Leather Archer Armor
48:59 Bodkin Arrow
49:39 Iron Casting
52:21 Chemistry
ScreenDreamz
7:08 Feudal Age
11:41 Castle Age
10:05 Horse Collar
11:29 Double-Bit Axe
14:54 Heavy Plow
19:15 Bow Saw
24:48 Fletching
27:38 Bodkin Arrow
28:08 Padded Archer Armor
28:11 Scale Mail Armor
28:16 Scale Barding Armor
32:18 Imperial Age
31:25 Tuntian
32:50 Scale Mail Armor
33:13 Chain Barding Armor
33:08 Forging
36:59 Bloodlines
36:50 Husbandry
38:32 Iron Casting
37:45 Treadmill Crane
38:17 Masonry
38:07 Murder Holes
38:26 Fortified Wall
39:26 Hoardings
39:19 Conscription
45:20 Heavy Hei Guang Cavalry
Dad
9:24 Feudal Age
10:10 Double-Bit Axe
11:03 Wheelbarrow
10:22 Gold Mining
10:15 Horse Collar
10:53 Loom
14:23 Castle Age
15:29 Bow Saw
15:40 Hand Cart
16:52 Heavy Plow
17:50 Stone Mining
22:35 Fortified Wall
23:48 Gold Shaft Mining
23:53 Husbandry
27:44 Ballistics
27:40 Masonry
27:22 Town Watch
28:40 Stone Shaft Mining
31:54 Imperial Age
32:02 Imperial Age
32:36 Husbandry
32:47 Bloodlines
31:58 Light Cavalry
33:08 Double Crossbow
34:12 Chemistry
33:19 Siege Engineers
33:45 Architecture
34:25 Crop Rotation
34:01 Town Patrol
34:27 Caravan
34:23 Hussar
36:34 Heavy Scorpion
41:03 Scale Barding Armor
41:09 Forging
Connection lost

Rejoining the realm…

Still unreachable

The connection could not be restored.

Session expired

The server has moved on; the page needs a fresh start.